 Dungeon Crawl Stone Soup version 0.30.1-11-g7821555f0a (webtiles) character file.

Game seed: 1224698220437458829

1814 AppTheSpectato the Grappler (level 8, 0/70 HPs)
             Began as a Troll Gladiator on Oct 24, 2023.
             Was a Priest of Kikubaaqudgha.
             Slain by a vampire (12 damage)
             ... on level 9 of the Dungeon on Oct 27, 2023.
             The game lasted 00:27:55 (5799 turns).

AppTheSpectato the Grappler (Troll Gladiator)       Turns: 5799, Time: 00:27:55

Health: 0/70       AC:  4    Str: 25    XL:     8   Next: 84%
Magic:  7/7        EV: 10    Int: 10    God:    Kikubaaqudgha [***...]
Gold:   402        SH:  0    Dex: 11    Spells: 6/7 levels left

rFire   + .          .
                       - Unarmed
rCold   + . .        (no shield)
rNeg    + . .        a - +0 robe
rPois   .            b - +0 hat
rElec   .            g - scarf of the Snake Pit {rC+ rF+, Will+}
rCorr   .            (gloves unavailable)
SInv    .            (boots unavailable)
Will    +....        (no amulet)
Stlth   +            q - ring of positive energy
HPRegen 1.11/turn    u - +6 ring of intelligence
MPRegen 0.10/turn

%: no passive effects
@: no status effects
A: large, unfitting armour, claws 3, regeneration 1, shaggy fur 1, tough skin 1
a: Renounce Religion, Unearth Wretches


You were on level 9 of the Dungeon.
You worshipped Kikubaaqudgha.
Kikubaaqudgha was most pleased with you.
You visited 1 branch of the dungeon, and saw 7 of its levels.

You collected 402 gold pieces.

Inventory:

Hand Weapons
 r - the +1 dagger "Miycorch" {speed, Will+}
   (You found it on level 4 of the Dungeon)

   Will:      It increases your willpower.
Missiles
 d - a large rock
Armour
 a - a +0 robe (worn)
 b - a +0 hat (worn)
 g - the scarf of the Snake Pit (worn) {rC+ rF+, Will+}
   (You acquired it on level 3 of the Dungeon)

   Will:      It increases your willpower.
 j - a +0 kite shield
Jewellery
 q - a ring of positive energy (left claw)
 u - a +6 ring of intelligence (right claw)
 w - a ring of positive energy
Wands
 c - a wand of mindburst (4)
Scrolls
 p - 2 scrolls of noise
 s - 2 scrolls of amnesia
 t - a scroll of magic mapping
 v - a scroll of blinking {unknown}
Potions
 e - a potion of resistance {unknown}
 f - 2 potions of magic
 h - 3 potions of ambrosia
 i - a potion of haste {unknown}
 k - 2 potions of mutation
 l - 3 potions of attraction
 m - 3 potions of degeneration {unknown}
 n - 3 potions of curing
 o - 3 potions of heal wounds


   Skills:
 - Level 1.5 Fighting
 - Level 1.7 Throwing
 - Level 2.4 Dodging
 + Level 9.2 Unarmed Combat
 + Level 6.1 Necromancy


You had 6 spell levels left.
You knew the following spells:

 Your Spells              Type           Power      Damage    Failure   Level
a - Necrotise             Necr           48%        1d6       3%          1

Your spell library contained the following spells:

 Spells                   Type           Power      Damage    Failure   Level
 Kiss of Death            Conj/Necr      24%        2d7       11%         1
 Cigotuvi's Dreadful Rot  Necr/Pois/Air  8%         N/A       26%         2
 Animate Dead             Necr           12%        N/A       30%         4
 Beastly Appendage        Tmut           0%         N/A       36%         1
 Magic Dart               Conj           0%         1d3       36%         1
 Sandblast                Erth           0%         2d4       36%         1
 Agony                    Necr           12%        N/A       63%         5
 Anguish                  Hex/Necr       3%         N/A       71%         4
 Borgnjor's Vile Clutch   Necr/Erth      3%         N/A       96%         5
 Death Channel            Necr           6%         N/A       99%         6


Dungeon Overview and Level Annotations

Branches:
Dungeon (6/15)             Temple (0/1) D:4

Altars:
Elyvilon
Fedhas
Kikubaaqudgha
Qazlal
Uskayaw
Vehumet
Xom
Yredelemnul

Shops:
D:4 *((


Innate Abilities, Weirdness & Mutations

You are too large for most types of armour.
You have claws for hands.
Your natural rate of healing is unusually fast.
You are covered in fur. (AC +1)
You have tough skin. (AC +1)


Message History

The vampire closely misses you. x2
You claw the vampire!
The vampire is heavily damaged.
The vampire mumbles some strange words.
The vampire flickers and vanishes!
You barely miss something. Something hits you. Something bites you!
Something draws strength from your injuries!
You closely miss something.
A magic dart appears from out of thin air!
The magic dart hits something!
Something hits you. Something bites you!
Something draws strength from your injuries!
You claw something! Something draws life force from you.
You scratch something. You closely miss something. Something hits you.
Something bites you.
Something draws strength from your injuries!
Something hits you. Something bites you but does no damage.
You hear the faint creaking of a distant portcullis.
Something hits you. Something bites you but does no damage. Something hits you!
Something bites you!
* * * LOW HITPOINT WARNING * * *
Something draws strength from your injuries!
Something hits you.
* * * LOW HITPOINT WARNING * * *
Something bites you.
* * * LOW HITPOINT WARNING * * *
Something draws strength from your injuries!
You feel much better.
The orc priest calls down the wrath of Beogh upon you.
Something hits you. Something bites you!
* * * LOW HITPOINT WARNING * * *
Something draws strength from your injuries!
Something hits you.
* * * LOW HITPOINT WARNING * * *
Something bites you!
* * * LOW HITPOINT WARNING * * *
Something draws strength from your injuries!
You barely miss something. Something hits you but does no damage.
Something bites you!
You die...
Kikubaaqudgha rasps: "You have failed me!
Welcome... death!"

##..#....(#.#
.....#.._..#.#
####.#.....#.#
#.#.....#.#
#.###'###.#
#.........#
######.####
##...######.#
#.....o.@...#
##...########
##.## #.#
#.######
#......#
####o#.#
#{...#
............+


You could see an orc priest.

Vanquished Creatures
  Pikel (D:6)
  Grinder (D:4)
  Sigmund (D:4)
  A black bear (D:4)
  An ogre (D:6)
  A lemure (D:6)
  A phantom (D:6)
  A bullfrog (D:4)
  5 scorpions
  A sleepcap (D:4)
  Jessica (D:2)
  6 iguanas
  3 orc wizards
  4 adders
  2 worms
  3 dart slugs
  21 orcs
  5 endoplasms
  5 giant cockroaches
  6 goblins
  8 hobgoblins
  5 jackals (D:3)
  3 quokkas
  4 ball pythons
  3 bats
  4 kobolds
  5 rats
102 creatures vanquished.

Vanquished Creatures (others)
  2 jackals (D:4)
2 creatures vanquished.

Grand Total: 104 creatures vanquished

Notes
Turn   | Place    | Note
-------+----------+-------------------------------------------
     0 | D:1      | AppTheSpectato the Troll Gladiator began the quest for the
                  | Orb.
     0 | D:1      | Reached XP level 1. HP: 19/19 MP: 0/0
   206 | D:1      | Reached XP level 2. HP: 27/27 MP: 1/1
   510 | D:1      | Reached skill level 4 in Unarmed Combat
   790 | D:2      | Noticed Jessica
   798 | D:2      | Killed Jessica
   799 | D:2      | Reached XP level 3. HP: 29/33 MP: 2/2
   836 | D:2      | Reached skill level 5 in Unarmed Combat
   836 | D:2      | Reached XP level 4. HP: 29/41 MP: 3/3
  1389 | D:2      | Found a faded altar of an unknown god.
  1676 | D:2      | Prayed at the altar of an unknown god.
  1676 | D:2      | Became a worshipper of Kikubaaqudgha
  1676 | D:2      | Reached * piety under Kikubaaqudgha
  1676 | D:2      | Received a gift from Kikubaaqudgha
  1706 | D:3      | Identified a scroll of acquirement
  1706 | D:3      | Acquired the scarf of the Snake Pit {rC+ rF+, Will+}
  1831 | D:3      | Noticed a scorpion
  1847 | D:3      | Killed a scorpion
  1848 | D:3      | Reached skill level 1 in Necromancy
  1848 | D:3      | Reached XP level 5. HP: 31/48 MP: 4/4
  1880 | D:3      | Found an ancient bone altar of Kikubaaqudgha.
  1880 | D:3      | Found a blossoming altar of Fedhas.
  1892 | D:3      | Noticed a +0 spear
  1892 | D:3      | Noticed a +0 dagger
  1894 | D:3      | Noticed a +0 dagger
  1895 | D:3      | Noticed a +0 falchion
  1895 | D:3      | Noticed a +0 short sword
  1895 | D:3      | Noticed a +0 falchion
  1896 | D:3      | Noticed a +0 spear
  1896 | D:3      | Noticed a +0 short sword
  2050 | D:3      | Got An Initiation into the Mystic Arts
  2181 | D:3      | Reached ** piety under Kikubaaqudgha
  2188 | D:3      | Learned a level 1 spell: Necrotise
  2401 | D:3      | Found a hide-covered altar of Uskayaw.
  2743 | D:4      | Found a staircase to the Ecumenical Temple.
  2852 | D:4      | Noticed Grinder
  2870 | D:4      | Killed Grinder
  2871 | D:4      | Reached skill level 6 in Unarmed Combat
  2871 | D:4      | Reached XP level 6. HP: 31/55 MP: 5/5
  2894 | D:4      | Found a radiant altar of Vehumet.
  2948 | D:4      | Found a basalt altar of Yredelemnul.
  3128 | D:4      | Found Uweuwopu's Assorted Antiques.
  3204 | D:4      | Found Malel's Antique Weapon Shop.
  3218 | D:4      | Reached XP level 7. HP: 62/62 MP: 6/6
  3286 | D:4      | Identified the +1 dagger "Miycorch" {speed, Will+}
  3375 | D:4      | Reached skill level 7 in Unarmed Combat
  3539 | D:4      | Noticed Sigmund
  3542 | D:4      | Found a white marble altar of Elyvilon.
  3578 | D:5      | Entered Level 5 of the Dungeon
  4228 | D:4      | Killed Sigmund
  4440 | D:4      | Found Biarros's Antique Weapon Shop.
  4676 | D:5      | Upgraded the game from 0.30.1-9-gdf580d7c3d to
                  | 0.30.1-10-g1249ef9ec4
  4676 | D:5      | Upgraded the game from 0.30.1-10-g1249ef9ec4 to
                  | 0.30.1-11-g7821555f0a
  5134 | D:5      | Found a shimmering altar of Xom.
  5227 | D:6      | Reached XP level 8. HP: 33/70 MP: 4/7
  5235 | D:6      | Reached skill level 8 in Unarmed Combat
  5382 | D:6      | Reached skill level 5 in Necromancy
  5499 | D:6      | Noticed Pikel
  5532 | D:6      | Killed Pikel
  5532 | D:6      | Reached *** piety under Kikubaaqudgha
  5532 | D:6      | Received a gift from Kikubaaqudgha
  5533 | D:6      | Reached skill level 9 in Unarmed Combat
  5739 | D:6      | You fall into a shaft and drop 3 floors!
  5740 | D:9      | Found a stormy altar of Qazlal.
  5799 | D:9      | Slain by a vampire

Illustrated notes

Levels and vault maps discovered:
D:1:      ebering_hopf_link, layout_basic
D:2:      layout_basic, shapermc_ecumenical_altar_notcrosses, uniq_jessica
D:3:      minmay_skewed_foursquare, layout_loops_cross,
          nicolae_uskayaw_en_pointe, grunt_temple_overflow_growth_and_decay,
          dk_noncrumbling_2
D:4:      layout_basic, kennysheep_ying_yang, fiery_altar_vehumet,
          minmay_temple_entry_slanted, serial_shops, shop,
          nicolae_shop_back_alley_shop, kennysheep_little_box, kennysheep_dice,
          uniq_grinder, uniq_sigmund
D:5:      layout_loops_ring, tgw_xom
D:6:      layout_basic, uniq_pikel
D:9:      layout_loops_corners, amcnicky_altar_gilded, david_lair_generic,
          enter_bailey_3, kennysheep_generic_room_13, uniq_psyche

Skill      XL: |  1  2  3  4  5  6  7  8 |
---------------+-------------------------+-----
Unarmed Combat | 4 5 6 7 9 |  9.2
Necromancy     | 1 2 3 4 6 |  6.1
Fighting       | |  1.5
Throwing       | |  1.7
Dodging        | |  2.4

Action                     |  1- 3 |  4- 6 |  7- 9 || total
---------------------------+-------+-------+-------++-------
  Melee: Unarmed           |    47 |   118 |   112 ||   277
         Punch             |       |     4 |     3 ||     7
  Throw: Throwing net      |       |       |     4 ||     4
         Large rock        |       |       |     1 ||     1
   Cast: Necrotise         |       |     4 |     2 ||     6
    Use: Scroll            |       |     9 |     5 ||    14
         Potion            |       |       |     1 ||     1
 Armour: Robe              |     7 |    24 |    23 ||    54
  Dodge: Dodged            |    30 |    43 |    53 ||   126
